 Dungeon Crawl Stone Soup version 0.30-a0-591-g3c58d2bc28 (webtiles) character file.

Game seed: 8673413461163934426

10 tilp the Covered (level 2, 0/26 HPs)
             Began as a Meteoran Fighter on Jan 4, 2023.
             Slain by a jelly (1 damage)
             ... on level 4 of the Dungeon.
             The game lasted 00:01:32 (335 turns).

tilp the Covered (Meteoran Fighter)                  Turns: 335, Time: 00:01:33

Health: 0/26       AC:  3    Str: 17    XL:     2   Next: 47%
Magic:  3/3        EV:  9    Int:  9    God:
Gold:   11         SH:  5    Dex: 13    Spells: 1/1 levels left

rFire   . . .      SeeInvis .    a - +0 long sword
rCold   . . .      Faith    .    c - +0 buckler
rNeg    . . .      Spirit   .    b - +0 scale mail
rPois   .          Reflect  .    (no helmet)
rElec   .          Harm     .    (no cloak)
rCorr   .          Rampage  .    (no gloves)
Will    .....                    (no boots) Stlth
                                 (no amulet)
HPRegen 0.24/turn                (no ring)
MPRegen 0.08/turn                (no ring)

@: corroded, glowing
A: sense surroundings 1, otherworldly, glowing, explore regen
a: no special abilities


You were on level 4 of the Dungeon.
You visited 1 branch of the dungeon, and saw 4 of its levels.

You collected 11 gold pieces.

Inventory:

Hand Weapons
 a - a +0 long sword (weapon)
Armour
 b - a +0 scale mail (worn)
 c - a +0 buckler (worn)
Scrolls
 f - 5 scrolls of identify {unknown}
Potions
 d - a potion of might
 e - 3 potions of curing {unknown}
 g - a potion of cancellation {unknown}
 h - a potion of attraction {unknown}


   Skills:
 + Level 3.3 Fighting
 + Level 2.5 Long Blades
 + Level 3.7 Armour
 * Level 1.2 Dodging
 + Level 0.2 Stealth
 + Level 3.7 Shields


You had one spell level left.
You didn't know any spells.
Your spell library was empty.

Dungeon Overview and Level Annotations

Branches:
Dungeon (4/15) Zot: 2048
 Temple: D:4-7

Altars:

Shops:
D:3 :[


Innate Abilities, Weirdness & Mutations

You passively map a small area around you.
You are easily found by Zot.
You glow in the dark.
You regain HP and MP as you explore.


Message History

The kobold is severely wounded.
Something unseen opens the door.
You block the kobold's attack.
You hit the kobold.
You kill the kobold!
The hobgoblin hits you but does no damage.
The hobgoblin attacks as you move away! You block the hobgoblin's attack.
You hit the hobgoblin.
The hobgoblin is heavily wounded.
The hobgoblin hits you but does no damage. x2
The jelly hits you but does no damage.
You barely miss the hobgoblin.
The hobgoblin is heavily wounded.
The hobgoblin hits you but does no damage.
You block the jelly's attack.
You hit the jelly. The acid corrodes you!
Your hands burn!
The jelly is moderately wounded.
The hobgoblin barely misses you. The jelly hits you.
You are splashed with acid!
You hit the jelly.
Your hands burn!
* * * LOW HITPOINT WARNING * * *
The jelly is heavily wounded.
The hobgoblin closely misses you. The jelly barely misses you.
You hit the jelly but do no damage.
Your hands burn!
* * * LOW HITPOINT WARNING * * *
The jelly is heavily wounded.
You block the hobgoblin's attack. The jelly hits you but does no damage.
The jelly barely misses you. The hobgoblin hits you.
* * * LOW HITPOINT WARNING * * *
You hit the jelly but do no damage.
Your hands burn!
* * * LOW HITPOINT WARNING * * *
The jelly is heavily wounded.
The hobgoblin hits you but does no damage.
The jelly hits you but does no damage.
Unknown command.
You barely miss the jelly.
The jelly is heavily wounded.
The hobgoblin hits you.
* * * LOW HITPOINT WARNING * * *
The jelly hits you.
You die...

,,#.. .. ,,
####+##.., ,.........
........####'#......
,
........#....#......,
* ........#....#.....
, ,
........#....#....#*
* ........#....#....#
........'....#....#
........#....#..@.#
#####'###....#.Jg.#
#......#.....'....#
#..<...#.....#....#
#......#.....#....#
#####.######.)....#
### ########


You could see a jelly and a hobgoblin.

Vanquished Creatures
  2 endoplasms
  A goblin (D:2)
  A hobgoblin (D:3)
  2 quokkas (D:1)
  2 frilled lizards
  A kobold (D:4)
9 creatures vanquished.

Notes
Turn   | Place    | Note
-------+----------+-------------------------------------------
     0 | D:1      | tilp the Meteoran Fighter began the quest for the Orb.
     0 | D:1      | Reached XP level 1. HP: 19/19 MP: 2/2
   157 | D:1      | Reached skill level 1 in Dodging
   157 | D:1      | Reached XP level 2. HP: 10/26 MP: 3/3
   206 | D:2      | Found a faded altar of an unknown god.
   289 | D:3      | Found Hecoukk's Armour Emporium.
   290 | D:3      | Found Jeefoytafe's Book Shop.
   310 | D:4      | Noticed a jelly
   335 | D:4      | HP: 1/26 [hobgoblin (2)]
   335 | D:4      | Slain by a jelly

Illustrated notes

Levels and vault maps discovered:
D:1:      matt_arrival_refuge, layout_basic, minivault_5
D:2:      layout_basic, ebering_ecumenical_altar_sacrificial
D:3:      cheibrodos_greedy_goblins, layout_basic, serial_shops, shop, shop
D:4:      layout_gridville, enter_ossuary_2, serial_shops,
          nicolae_stop_n_shop_2, kennysheep_generic_room_8

Skill      XL: |  1 |
---------------+----+-----
Dodging        | 1 |  1.2
Fighting       | |  3.3
Long Blades    | |  2.5
Armour         | |  3.7
Stealth        | |  0.2
Shields        | |  3.7

Action                   || total
-------------------------++-------
Melee: Long sword        ||    47
Armor: Scale mail        ||    24
Dodge: Dodged            ||    16
Block: Buckler           ||     8

Table legend: (Time is in decaauts)
 A = Elapsed time spent in this place.
 B = Non-inter-level travel time spent in this place.
 C = Inter-level travel time spent in this place.
 D = Time resting spent in this place.
 E = Time spent auto-exploring this place.
 F = Levels seen in this place.
 G = Mean time per level.
                   A        B        C        D        E       F      G
               +--------+--------+--------+--------+--------+-----+--------+
         Total |    349 |    316 |     33 |      0 |      0 |   4 |   87.2 |
       Dungeon |    349 |    316 |     33 |      0 |      0 |   4 |   87.2 |
               +--------+--------+--------+--------+--------+-----+--------+

Top non-repeatable levels by time:
     D:1: 178 daAuts
     D:3: 82 daAuts
     D:2: 58 daAuts
     D:4: 30 daAuts
